 Dungeon Crawl Stone Soup version 0.29-a0-973-gac7da5f7f0 (webtiles) character file.

Game seed: 2611478372058299796

28 jlumianski the Covered (level 2, 0/24 HPs)
             Began as a Demonspawn Fighter on July 31, 2022.
             Slain by a gnoll
             ... wielding a +0 halberd
              (5 damage)
             ... on level 2 of the Dungeon.
             The game lasted 00:03:15 (989 turns).

jlumianski the Covered (Demonspawn Fighter)          Turns: 989, Time: 00:03:16

Health: 0/24       AC:  6    Str: 16    XL:     2   Next: 96%
Magic:  2/2        EV:  8    Int:  9    God:
Gold:   64         SH:  4    Dex: 12    Spells: 1/1 levels left

rFire   . . .      SeeInvis .   a - +0 war axe
rCold   . . .      Faith    .   c - +0 buckler
rNeg    . . .      Spirit   .   b - +0 scale mail
rPois   .          Reflect  .   (no helmet)
rElec   .          Harm     .   g - scarf {+Inv}
rCorr   .          Rampage  .   (no gloves)
Will    .....                   (no boots)
Stlth   ..........              (no amulet)
HPRegen 0.08/turn               (no ring)
MPRegen 0.08/turn               (no ring)

@: no status effects
A: spiny 1
a: Evoke Invisibility


You were on level 2 of the Dungeon.
You visited 1 branch of the dungeon, and saw 2 of its levels.

You collected 64 gold pieces.

Inventory:

Hand Weapons
 a - a +0 war axe (weapon)
Armour
 b - a +0 scale mail (worn)
 c - a +0 buckler (worn)
 g - a scarf of invisibility (worn)
Scrolls
 e - a scroll of fear {unknown}
 f - a scroll of enchant weapon {unknown}
 i - a scroll of teleportation {unknown}
 j - a scroll of blinking {unknown}
Potions
 d - 2 potions of might
 h - 2 potions of curing {unknown}
 k - a potion of attraction {unknown}


   Skills:
 + Level 3.2 Fighting
 + Level 1.9 Axes
 + Level 3.2 Armour
 + Level 0.2 Dodging
 + Level 2.9 Shields
 * Level 0.1 Evocations


You had one spell level left.
You didn't know any spells.
Your spell library was empty.

Dungeon Overview and Level Annotations

Branches:
Dungeon (2/15)

Altars:


Innate Abilities, Weirdness & Mutations

You are partially covered in sharp spines.


Message History

You enter the shallow water.
Moving in this stuff is going to be slow.
You enter the shallow water.
Moving in this stuff is going to be slow.
You enter the shallow water.
Moving in this stuff is going to be slow.
You enter the shallow water.
Moving in this stuff is going to be slow.
You enter the shallow water.
Moving in this stuff is going to be slow.
You enter the shallow water.
Moving in this stuff is going to be slow.
You enter the shallow water.
Moving in this stuff is going to be slow.
You enter the shallow water.
Moving in this stuff is going to be slow.
You enter the shallow water.
Moving in this stuff is going to be slow.
There is an open door here.
You see here a +0 leather armour.
Done exploring.
Done exploring.
There is an open door here.
You see here a +0 short sword.
There is a stone staircase leading down here.
You climb downwards.
The frilled lizard is struck by your spines.
You kill the frilled lizard!
There is a stone staircase leading up here.
The gnoll hits the fungus with a +0 halberd.
The fungus begins to die.
The gnoll closely misses you.
A nearby fungus withers and dies.
The gnoll barely misses you.
You completely miss the gnoll. The gnoll hits you with a +0 halberd.
You hit the gnoll but do no damage. The gnoll hits you with a +0 halberd!
Ouch! That really hurt!
* * * LOW HITPOINT WARNING * * *
The gnoll hits you with a +0 halberd.
You die...

### .. .#
##.#
###..####
#####.......#
#PPPPP#@#####
#P$$$.#g#
##P$$$P..#
#.P$$$P^.#
#.P.P..#.#
#....###<#
###.## #.#
#..# #.# ##<#
#.#


You could see a gnoll.

Vanquished Creatures
  A gnoll (D:1)
  A dart slug (D:1)
  3 ball pythons (D:1)
  A bat (D:1)
  A hobgoblin (D:1)
  A quokka (D:1)
  3 frilled lizards
  A goblin (D:1)
  3 kobolds (D:1)
  2 rats (D:1)
17 creatures vanquished.

Vanquished Creatures (others)
  A fungus (D:2)
  3 toadstools (D:2)
4 creatures vanquished.

Grand Total: 21 creatures vanquished

Notes
Turn   | Place    | Note
-------+----------+-------------------------------------------
     0 | D:1      | jlumianski the Demonspawn Fighter began the quest for the
                  | Orb.
     0 | D:1      | Reached XP level 1. HP: 18/18 MP: 1/1
   170 | D:1      | Gained mutation: You are partially covered in sharp spines.
                  | [demonic ancestry]
   170 | D:1      | Reached XP level 2. HP: 10/24 MP: 2/2
   446 | D:1      | Found a faded altar of an unknown god.
   989 | D:2      | Slain by a gnoll

Illustrated notes

Levels and vault maps discovered:
D:1:      lightli_arrival_farm, layout_basic, hellmonk_ecumenical_altar_zigzags
D:2:      layout_rooms, basic_altar, minmay_hedge_maze,
          minmay_gold_behind_fungi, chequers_arboretum, uniq_robin, uniq_terence

Skill      XL: |  1 |
---------------+----+-----
Armour         | 3 |  3.2
Fighting       | |  3.2
Axes           | |  1.9
Dodging        | |  0.2
Shields        | |  2.9
Evocations     | |  0.1

Action                   || total
-------------------------++-------
Melee: War axe           ||    31
Armor: Scale mail        ||     8
Dodge: Dodged            ||    15
Block: Buckler           ||     6

Table legend: (Time is in decaauts)
 A = Elapsed time spent in this place.
 B = Non-inter-level travel time spent in this place.
 C = Inter-level travel time spent in this place.
 D = Time resting spent in this place.
 E = Time spent auto-exploring this place.
 F = Levels seen in this place.
 G = Mean time per level.
                   A        B        C        D        E       F      G
               +--------+--------+--------+--------+--------+-----+--------+
         Total |   1023 |   1023 |      0 |    174 |    534 |   2 |  511.5 |
       Dungeon |   1023 |   1023 |      0 |    174 |    534 |   2 |  511.5 |
               +--------+--------+--------+--------+--------+-----+--------+

Top non-repeatable levels by time:
     D:1: 988 daAuts
     D:2: 34 daAuts
